 Dungeon Crawl Stone Soup version 0.28-a0-1555-g9ae15a6949 (webtiles) character file.

Game seed: 6809009990003980709

221 psuckher the Chopper (level 5, -3/46 HPs)
             Began as a Draconian Fighter on Jan 18, 2022.
             Was a Believer of Fedhas.
             Slain by an orc (11 damage)
             ... on level 3 of the Dungeon.
             The game lasted 00:11:53 (2709 turns).

psuckher the Chopper (Draconian Fighter)            Turns: 2709, Time: 00:11:54

Health: -3/46      AC: 10    Str: 20    XL:     5   Next: 65%
Magic:  5/5        EV: 12    Int:  9    God:    Fedhas [**....]
Gold:   107        SH:  4    Dex: 10    Spells: 4/4 levels left

rFire   . . .      SeeInvis .   a - +0 war axe
rCold   . . .      Faith    .   b - +0 buckler
rNeg    . . .      Spirit   .   (armour unavailable)
rPois   .          Reflect  .   (helmet restricted)
rElec   .          Harm     .   g - +0 cloak
rCorr   .          Rampage  .   (no gloves)
Will    .....                   (no boots)
Stlth   +.........              p - amulet of the acrobat
HPRegen 0.15/turn               i - +4 ring of protection
MPRegen 0.09/turn               (no ring)

@: no status effects
A: AC +5, unfitting armour, cold-blooded
a: Renounce Religion, Wall of Briars


You were on level 3 of the Dungeon.
You worshipped Fedhas.
Fedhas was pleased with you.
You visited 1 branch of the dungeon, and saw 3 of its levels.

You collected 107 gold pieces.

Inventory:

Hand Weapons
 a - a +0 war axe (weapon)
 h - a +0 hunting sling
Missiles
 o - a throwing net (quivered)
Armour
 b - a +0 buckler (worn)
 g - a +0 cloak (worn)
 m - the +0 ring mail of Tempters {Will- Int+5}
   (You found it on level 3 of the Dungeon)

   Int:       It affects your intelligence (+5).
   Will:      It decreases your willpower.
Jewellery
 i - a +4 ring of protection (left hand)
 n - a ring of protection from fire
 p - an amulet of the acrobat (around neck)
Scrolls
 d - a scroll of fog {unknown}
 e - 2 scrolls of magic mapping {unknown}
 j - a scroll of teleportation {unknown}
 l - a scroll of immolation {unknown}
Potions
 c - a potion of might
 f - a potion of berserk rage {unknown}
 k - 3 potions of curing {unknown}
 q - a potion of flight {unknown}


   Skills:
 + Level 4.0 Fighting
 + Level 4.4 Axes
 + Level 3.5 Dodging
 + Level 0.9 Stealth
 + Level 3.4 Shields


You had 4 spell levels left.
You didn't know any spells.
Your spell library was empty.

Dungeon Overview and Level Annotations

Branches:
Dungeon (3/15)

Altars:
Fedhas
Beogh

Annotations:
D:3 hgbash's ghost, amateur OpEE


Innate Abilities, Weirdness & Mutations

Your plain brown scales are hard. (AC +5)
You cannot fit into any form of body armour.
You are cold-blooded and may be slowed by cold attacks.


Message History

Hgbash's ghost completely misses you. The orc barely misses you.
The orc hits you with a +0 flail. The orc closely misses you.
Hgbash's ghost misses you. You block the orc's attack.
You slash hgbash's ghost!
Hgbash's ghost is severely damaged.
You barely miss the orc. You hit the orc. Hgbash's ghost hits you.
The orc hits you with a +7 scimitar. You block the orc's attack.
You closely miss hgbash's ghost.
Your tail-slap misses hgbash's ghost.
Hgbash's ghost is severely damaged.
You barely miss the orc. You hit the orc. The orc barely misses you.
Hgbash's ghost hits you but does no damage.
The orc closely misses you.
You hit hgbash's ghost.
Hgbash's ghost is severely damaged.
You closely miss the orc. You hit the orc but do no damage.
You block the orc's attack. Hgbash's ghost closely misses you.
The orc hits you with a +0 flail!
Hgbash's ghost hits you but does no damage.
The orc hits you but does no damage. x2
You barely miss hgbash's ghost. You tail-slap hgbash's ghost.
Hgbash's ghost is severely damaged.
You hit the orc.
You kill the orc!
Fedhas appreciates your contribution to the ecosystem.
You hit the orc but do no damage. The orc misses you.
Hgbash's ghost hits you but does no damage.
You closely miss hgbash's ghost. You tail-slap hgbash's ghost.
Hgbash's ghost is almost destroyed.
You hit the orc. The orc hits you with a +7 scimitar!
Hgbash's ghost closely misses you.
You hit hgbash's ghost.
Hgbash's ghost is almost destroyed.
You closely miss the orc. The orc barely misses you.
Hgbash's ghost stares at you and mumbles some strange words.
The blast of sand hits you but does no damage.
Hgbash's ghost hits you.
* * * LOW HITPOINT WARNING * * *
x2 The orc hits you with a +7 scimitar!
You die...
Fedhas appreciates your contribution to the ecosystem.

.......###.#.....#
#...........#.....#..
#.########8.#.....#.#
8.....#..#.......#
..##..#..#.....#
..8#..#..#.....#
..##..#..#)....#
....#.#..#.W)..#
[...#.'..†o@...#
_|8.#.))..######
....#.'..##
....#.#..# ..##..#..#
..8#..#..# ..##..#..#
8 ....#..# ######8.#


You could see hgbash's ghost and an orc.

Vanquished Creatures
  9 gnolls
  5 adders
  2 dart slugs
  2 orcs (D:3)
  5 ball pythons
  5 bats
  7 endoplasms
  A giant cockroach (D:3)
  6 goblins
  11 hobgoblins
  3 jackals (D:3)
  3 quokkas
  5 frilled lizards
  5 kobolds
  9 rats
78 creatures vanquished.

Vanquished Creatures (collateral kills)
  3 orcs (D:3)
3 creatures vanquished.

Grand Total: 81 creatures vanquished

Notes
Turn   | Place    | Note
-------+----------+-------------------------------------------
     0 | D:1      | psuckher the Draconian Fighter began the quest for the Orb.
     0 | D:1      | Reached XP level 1. HP: 19/19 MP: 1/1
   244 | D:1      | Reached XP level 2. HP: 26/26 MP: 2/2
   616 | D:1      | Found a faded altar of an unknown god.
   625 | D:1      | Reached XP level 3. HP: 26/31 MP: 3/3
   628 | D:1      | Prayed at the altar of an unknown god.
   628 | D:1      | Became a worshipper of Fedhas Madash
   628 | D:1      | Reached * piety under Fedhas
  1500 | D:2      | Reached XP level 4. HP: 31/40 MP: 4/4
  1626 | D:2      | Reached ** piety under Fedhas
  2070 | D:3      | Reached XP level 5. HP: 29/46 MP: 5/5
  2158 | D:3      | Identified the +0 ring mail of Tempters {Will- Int+5}
  2636 | D:3      | Found a runed translucent gate.
  2636 | D:3      | Noticed hgbash's ghost (amateur OpEE)
  2637 | D:3      | Found a runed translucent gate.
  2638 | D:3      | Found a runed translucent gate.
  2709 | D:3      | Slain by an orc

Illustrated notes

Levels and vault maps discovered:
D:1:      co_arrival_square_in_a_square_in_a_square, layout_basic,
          hellmonk_ecumenical_altar_crossroads
D:2:      layout_basic
D:3:      layout_basic, biasface_ghost_orc_armoury

Skill      XL: |  1  2  3  4  5 |
---------------+----------------+-----
Dodging        | 3 |  3.5
Axes           | 3 4 |  4.4
Fighting       | 4 |  4.0
Stealth        | |  0.9
Shields        | |  3.4

Action                   |  1- 3 |  4- 6 || total
-------------------------+-------+-------++-------
Melee: War axe           |   107 |    87 ||   194
       Tailslap          |     9 |     7 ||    16
Invok: Wall of Briars    |       |     1 ||     1
 Stab: Distracted        |       |     1 ||     1
Armor: Skin              |    38 |    44 ||    82
Dodge: Dodged            |    77 |    90 ||   167
Block: Buckler           |    17 |    30 ||    47

Table legend: (Time is in decaauts)
 A = Elapsed time spent in this place.
 B = Non-inter-level travel time spent in this place.
 C = Inter-level travel time spent in this place.
 D = Time resting spent in this place.
 E = Time spent auto-exploring this place.
 F = Levels seen in this place.
 G = Mean time per level.
                   A        B        C        D        E       F      G
               +--------+--------+--------+--------+--------+-----+--------+
         Total |   2787 |   2587 |    200 |      0 |      0 |   3 |  929.0 |
       Dungeon |   2787 |   2587 |    200 |      0 |      0 |   3 |  929.0 |
               +--------+--------+--------+--------+--------+-----+--------+

Top non-repeatable levels by time:
     D:1: 1060 daAuts
     D:2: 1021 daAuts
     D:3: 705 daAuts
